 Dungeon Crawl Stone Soup version 0.26.1-10-gdfb7c7de75 (webtiles) character file.

Game seed: 16530820315139601695

232 Almogavar the Chopper (level 6, 0/53 HPs)
             Began as a Hill Orc Fighter on Apr 12, 2021.
             Slain by an iguana (10 damage)
             ... on level 3 of the Dungeon.
             The game lasted 00:04:48 (2429 turns).

Almogavar the Chopper (Hill Orc Fighter)            Turns: 2429, Time: 00:04:48

Health: 0/53       AC:  7    Str: 21    XL:     6   Next: 4%
Magic:  6/6        EV:  8    Int:  8    God:
Gold:   37         SH:  9    Dex: 10    Spells: 5/5 levels left

rFire    . . .     SeeInvis .   a - +0 war axe
rCold    . . .     Faith    .   c - +0 kite shield
rNeg     . . .     Spirit   .   b - +0 scale mail
rPois    .         Reflect  .   (no helmet)
rElec    .         Harm     .   (no cloak)
rCorr    .         Rampage  .   (no gloves)
Will     .....                  (no boots)
Stlth    ..........             (no amulet)
HPRegen  0.17/turn              (no ring)
MPRegen  0.10/turn              (no ring)

@: lethally poisoned (0 -> -2)
A: no striking features
a: no special abilities


You were on level 3 of the Dungeon.
You visited 1 branch of the dungeon, and saw 3 of its levels.

You collected 37 gold pieces.

Inventory:

Hand Weapons
 a - a +0 war axe (weapon)
Missiles
 h - 12 poisoned darts (quivered)
Armour
 b - a +0 scale mail (worn)
 c - a +0 kite shield (worn)
 f - a +0 chain mail
Wands
 p - a wand of polymorph (5)
 r - a wand of flame (14)
Scrolls
 e - 4 scrolls of magic mapping
 g - 2 scrolls of random uselessness {unknown}
 k - 2 scrolls of teleportation
 n - a scroll of remove curse {unknown}
Potions
 d - a potion of might
 i - 2 potions of heal wounds
 l - 4 potions of curing
 m - 2 potions of attraction {unknown}
 o - a potion of flight {unknown}
 q - a potion of invisibility {unknown}


   Skills:
 + Level 4.3 Fighting
 + Level 4.9 Axes
 + Level 4.2 Armour
 + Level 1.1 Dodging
 + Level 4.7 Shields


You had 5 spell levels left.
You didn't know any spells.
Your spell library was empty.

Dungeon Overview and Level Annotations

Branches:
Dungeon (3/15)

Altars:
Cheibriados
Dithmenos
Fedhas
Kikubaaqudgha
Sif Muna
Vehumet


Message History

You are more poisoned.
The adder poisons you! The adder bites you.
You slash the adder!
You kill the adder!
You feel sick.
You barely miss the iguana.
You feel sick. The iguana closely misses you.
You hit the iguana but do no damage.
You feel sick. The iguana bites you! x2
You are too injured to fight recklessly!
You are too injured to fight recklessly!
You hit the iguana.
The iguana is lightly wounded.
The iguana bites you!
* * * LOW HITPOINT WARNING * * *
You hit the iguana.
The iguana is moderately wounded.
You feel sick. You block the iguana's attack.
You hit the iguana.
The iguana is heavily wounded.
You block the iguana's attack. The iguana bites you!
You die...

#...........#
#..#...†.......# ###
#..#...........# #..
#..#...........####.#
#..#...........'>##.#
#.l#...........#.##.#
#..#...........#)##.#
#..#...........#.)..#
#..l@..........#####.
#..#...........# #.
.....#...........# #.
.......#...........#
#.
....#+##....########
#. .... ....... #.
... ........ #. ..
###..... ###. #...


You could see an iguana.

Vanquished Creatures
  Crazy Yiuf (D:2)
  Jessica (D:2)
  Terence (D:2)
  2 gnolls (D:3)
  6 adders
  3 oozes
  A worm (D:2)
  2 dart slugs
  2 leopard geckos
  A ball python (D:1)
  8 bats
  2 giant cockroaches
  9 goblins
  7 hobgoblins
  2 quokkas
  A frilled lizard (D:3)
  8 kobolds
  4 rats
61 creatures vanquished.

Notes
Turn   | Place    | Note
-------+----------+-------------------------------------------
     0 | D:1      | Almogavar the Hill Orc Fighter began the quest for the Orb.
     0 | D:1      | Reached XP level 1. HP: 19/19 MP: 1/1
   176 | D:1      | Reached XP level 2. HP: 27/27 MP: 2/2
   612 | D:1      | Reached XP level 3. HP: 33/33 MP: 3/3
  1232 | D:2      | Found a shimmering blue altar of Sif Muna.
  1254 | D:2      | Found a radiant altar of Vehumet.
  1263 | D:2      | Reached XP level 4. HP: 40/40 MP: 4/4
  1324 | D:2      | Found a snail-covered altar of Cheibriados.
  1540 | D:2      | Noticed Terence
  1548 | D:2      | Killed Terence
  1549 | D:2      | Reached XP level 5. HP: 46/46 MP: 5/5
  1549 | D:2      | Noticed Jessica
  1551 | D:2      | Killed Jessica
  1552 | D:2      | Reached skill level 1 in Dodging
  1640 | D:2      | Found a blossoming altar of Fedhas.
  1644 | D:2      | Found an ancient bone altar of Kikubaaqudgha.
  1679 | D:2      | Found a runed translucent door.
  1680 | D:2      | Noticed Crazy Yiuf
  1963 | D:2      | Found a shadowy altar of Dithmenos.
  2002 | D:2      | Killed Crazy Yiuf
  2387 | D:3      | Reached XP level 6. HP: 51/53 MP: 6/6
  2429 | D:3      | Slain by an iguana

Illustrated notes

Levels and vault maps discovered:
D:1:      grunt_arrival_lava_bath, layout_basic, minmay_heptomino_h4
D:2:      layout_rooms, grunt_temple_overflow_growth_and_decay,
          nicolae_overflow_hidden_temple, cheibriados_altar_1,
          uniq_crazy_yiuf_cottage, uniq_terence, uniq_jessica
D:3:      cheibrodos_greedy_goblins, layout_basic

Skill      XL: |  1  2  3  4  5 |
---------------+----------------+-----
Axes           | 3 4 |  4.9
Fighting       | 4 |  4.3
Shields        | 4 |  4.7
Armour         | 4 |  4.2
Dodging        | 1 |  1.1

Action                   |  1- 3 |  4- 6 || total
-------------------------+-------+-------++-------
Melee: War axe           |    94 |   114 ||   208
Throw: Dart              |       |     2 ||     2
  Use: Scroll            |     4 |     1 ||     5
Armor: Scale mail        |    54 |    50 ||   104
Dodge: Dodged            |    38 |    37 ||    75
Block: Kite shield       |    61 |    68 ||   129
